 Dungeon Crawl Stone Soup version 0.31-a0-259-g771a54ca4b (webtiles) character file.

Game seed: 8231297092034016542

121 qw the Shooter (level 5, -6/30 HPs)
             Began as a Gargoyle Hexslinger on July 13, 2023.
             Mangled by Sigmund
             ... wielding a +4 heavy scythe
              (13 damage)
             ... on level 3 of the Dungeon.
             The game lasted 00:00:57 (1677 turns).

qw the Shooter (Gargoyle Hexslinger)                Turns: 1677, Time: 00:00:58

Health: -6/30      AC: 14    Str: 12    XL:     5   Next: 5%
Magic:  6/6        EV: 10    Int: 13    God:
Gold:   145        SH:  4    Dex: 14    Spells: 5/6 levels left

rFire   + . .        Y - +2 sling
rCold   . . .        (no shield)
rNeg    + . .        c - +0 ring mail
rPois   inf          (no helmet)
rElec   +            f - +2 cloak
rCorr   .            (no gloves)
SInv    .            (no boots)
Will    .....        (no amulet)
Stlth   +            e - ring of protection from fire
HPRegen 0.25/turn    l - +4 ring of protection
MPRegen 0.10/turn

%: no passive effects
@: no status effects
A: sickness immunity, AC +4, negative energy resistance 1, electricity
resistance, torment resistance 1, petrification resistance, claws 1, large bone
plates 1, deformed body, shaggy fur 1
a: no special abilities


You were on level 3 of the Dungeon.
You visited 1 branch of the dungeon, and saw 3 of its levels.

You collected 181 gold pieces.
You spent 36 gold pieces at shops.


Innate Abilities, Weirdness & Mutations

You are immune to sickness and miasma.
Your stone body is resilient. (AC +4)
You are immune to poison.
You resist negative energy. (rN+)
You are resistant to electric shocks. (rElec)
You are resistant to unholy torment.
You are immune to petrification.
You have sharp fingernails.
You are partially covered in large bone plates. (SH +4)
Armour fits poorly on your strangely shaped body.
You are covered in fur. (AC +1)


   Skills:
 - Level 2.0 Fighting
 + Level 4.6 Ranged Weapons
 - Level 1.0 Armour
 - Level 1.5 Dodging
 - Level 1.0 Spellcasting
 - Level 2.6 Hexes


You had 5 spell levels left.
You knew the following spells:

 Your Spells              Type           Power      Damage    Failure   Level
a - Slow                  Hex            28%        N/A       22%         1

Your spell library contained the following spells:

 Spells                   Type           Power      Damage    Failure   Level
 Inner Flame              Hex/Fire       4%         N/A       73%         3
 Portal Projectile        Hex/Tloc       8%         N/A       73%         3
 Cause Fear               Hex            3%         N/A       91%         4

Inventory:

Hand Weapons
 Y - a +2 sling (weapon)
Armour
 c - a +0 ring mail (worn)
 f - a +2 cloak (worn)
Jewellery
 e - a ring of protection from fire (left claw)
 l - a +4 ring of protection (right claw)
Scrolls
 a - a scroll of teleportation {unknown}
Potions
 g - a potion of berserk rage {unknown}
 h - a potion of degeneration {unknown}
 i - a potion of cancellation {unknown}
 j - a potion of mutation
 k - 4 potions of curing

Dungeon Overview and Level Annotations

Branches:
Dungeon (3/15)

Altars:

Shops:
D:1 !

Annotations:
D:3 Sigmund


Message History

Enter note:
Enter note:
Enter note:
Enter note: You shoot a sling bullet.
The sling bullet closely misses the bat.
You block the bat's attack.
Sigmund mumbles some strange words.
Sigmund flickers and vanishes!
Deactivating autopickup; reactivate with Ctrl-A.
You shoot a sling bullet. The sling bullet hits the bat.
The bat is severely wounded.
You block the bat's attack. The bat hits you but does no damage.
You shoot a sling bullet. The sling bullet hits the bat!
You kill the bat!
A magic dart appears from out of thin air!
The magic dart hits you but does no damage.
You shoot a sling bullet. You shoot a sling bullet.
You hear some strange, mumbled words.
Something tries to affect you, but you resist.
You shoot a sling bullet. Something hits you!
You shoot a sling bullet. You shoot a sling bullet.
You hear some strange, mumbled words.
Something tries to affect you, but you resist.
You shoot a sling bullet. Something hits you.
You shoot a sling bullet. You shoot a sling bullet. Something hits you!
You shoot a sling bullet.
A giant cockroach comes into view.
You hear some strange, mumbled words.
Something tries to affect you, but you resist.
You shoot a sling bullet.
The sling bullet closely misses the giant cockroach.
Something hits you!
You die...

....# #. ....# ####......
.. ....# #........# ###
....# #....# #....B/..# #
....# #....# #........# #
....###....####........#
......+.............)..# #
.######....# #........# #
.....##....# #@# #
####.##....# #.# #
#.##....# #.###### #
###.......#
#......######### #
.........###
#..............###
#######....#
#....).%..........
..#.##.##
#..............###
#.#.....# #..............#
#
#.#...#....#.####.#########
#


You could see a giant cockroach.

Vanquished Creatures
  An orc priest (D:2)
  2 adders (D:3)
  A dart slug (D:1)
  4 orcs (D:2)
  3 ball pythons
  4 bats
  6 endoplasms
  2 giant cockroaches
  4 goblins
  7 hobgoblins
  4 jackals (D:1)
  9 kobolds
  2 quokkas
  3 frilled lizards
  7 rats
59 creatures vanquished.

Notes
Turn   | Place    | Note
-------+----------+-------------------------------------------
     0 | D:1      | qw the Gargoyle Hexslinger began the quest for the Orb.
     0 | D:1      | Reached XP level 1. HP: 12/12 MP: 2/2
     0 | D:1      | 0 ||| qw: Version: 0.3-a-52-g30416fa
     0 | D:1      | 0 ||| qw: Game counter: 6960
     0 | D:1      | 0 ||| qw: Melee chars always use a shield: true
     0 | D:1      | 0 ||| qw: God list: Okawaru
     0 | D:1      | 0 ||| qw: Allow faded altars: false
     0 | D:1      | 0 ||| qw: Do Orc after clearing Dungeon:15 true
     0 | D:1      | 0 ||| qw: Do second Lair branch before Depths: true
     0 | D:1      | 0 ||| qw: Lair rune preference: random
     0 | D:1      | 0 ||| qw: Goals: Normal
     0 | D:1      | 0 ||| PLANNING D:1-11
   137 | D:1      | Reached XP level 2. HP: 14/16 MP: 3/3
   137 | D:1      | 137 ||| FLEEEEING.
   138 | D:1      | 138 ||| FLEEEEING.
   198 | D:1      | Reached skill level 3 in Ranged Weapons
   289 | D:1      | Reached XP level 3. HP: 21/21 MP: 4/4
   412 | D:1      | Found Zowow's Distillery.
   420 | D:1      | 420 ||| BUYING potion of curing (36 gold).
   420 | D:1      | Bought a potion of curing for 36 gold pieces
   420 | D:1      | 420 ||| SHOPLISTING potion of enlightenment (60 gold, have
                  | 36).
   420 | D:1      | 420 ||| SHOPLISTING potion of haste (120 gold, have 36).
   420 | D:1      | 420 ||| SHOPLISTING potion of might (48 gold, have 36).
   420 | D:1      | 420 ||| SHOPLISTING potion of mutation (96 gold, have 36).
   420 | D:1      | 420 ||| SHOPLISTING potion of resistance (120 gold, have
                  | 36).
   618 | D:1      | 618 ||| UPGRADING to +0 leather armour.
   628 | D:1      | 628 ||| DROPPING +0 robe.
   629 | D:1      | 629 ||| UPGRADING to ring of protection from fire.
   630 | D:1      | 630 ||| UPGRADING to +4 ring of protection.
   631 | D:1      | 631 ||| READING scroll labelled ZUBEM SEZXAO.
   632 | D:1      | 632 ||| READING 3 scrolls labelled NANTA KEAR CEUF.
   633 | D:1      | 633 ||| READING scroll labelled ATUGHUROJO.
   634 | D:1      | 634 ||| DRINKING 2 lumpy sapphire potions.
   634 | D:1      | Gained mutation: You are partially covered in large bone
                  | plates. (SH +4) [potion of mutation]
   634 | D:1      | Gained mutation: Armour fits poorly on your strangely
                  | shaped body. [potion of mutation]
   634 | D:1      | Gained mutation: You are covered in fur. (AC +1) [potion of
                  | mutation]
   634 | D:1      | Gained mutation: You have sharp fingernails. [potion of
                  | mutation]
   635 | D:1      | 635 ||| DROPPING scroll of poison.
   636 | D:1      | 636 ||| DROPPING 2 scrolls of blinking.
   807 | D:2      | Found the +0 toga "Victory" {*Victory Clar}
   880 | D:2      | 880 ||| FLEEEEING.
   881 | D:2      | 881 ||| FLEEEEING.
   886 | D:2      | 886 ||| FLEEEEING.
   887 | D:2      | 887 ||| FLEEEEING.
   888 | D:2      | 888 ||| FLEEEEING.
   889 | D:2      | 889 ||| FLEEEEING.
   890 | D:2      | 890 ||| FLEEEEING.
   891 | D:2      | 891 ||| FLEEEEING.
   892 | D:2      | 892 ||| FLEEEEING.
   893 | D:2      | 893 ||| FLEEEEING.
   894 | D:2      | 894 ||| FLEEEEING.
   895 | D:2      | 895 ||| FLEEEEING.
   896 | D:2      | 896 ||| FLEEEEING.
   902 | D:2      | 902 ||| FLEEEEING.
   903 | D:2      | 903 ||| FLEEEEING.
   904 | D:2      | 904 ||| FLEEEEING.
   905 | D:2      | 905 ||| FLEEEEING.
   906 | D:2      | 906 ||| FLEEEEING.
   907 | D:2      | 907 ||| FLEEEEING.
   908 | D:2      | 908 ||| FLEEEEING.
   909 | D:2      | 909 ||| FLEEEEING.
   910 | D:2      | 910 ||| FLEEEEING.
   921 | D:2      | Reached skill level 4 in Ranged Weapons
   921 | D:2      | Reached XP level 4. HP: 21/26 MP: 5/5
  1369 | D:2      | 1369 ||| UPGRADING to +0 ring mail.
  1379 | D:2      | 1379 ||| DROPPING +0 leather armour.
  1380 | D:2      | 1380 ||| UPGRADING to +2 cloak.
  1385 | D:2      | 1385 ||| READING scroll labelled LUTOCZ BITS.
  1386 | D:2      | 1386 ||| READING scroll labelled HOTUSM UZ MOCW.
  1420 | D:3      | 1420 ||| PLANNING SEWER
  1617 | D:3      | Reached skill level 1 in Armour
  1627 | D:3      | Reached XP level 5. HP: 30/30 MP: 6/6
  1664 | D:3      | Noticed Sigmund
  1675 | D:3      | HP: 6/30 [something (14)]
  1677 | D:3      | Mangled by Sigmund

Levels and vault maps discovered:
D:1:      spicycebolla_green_bress_n_ham, layout_basic, serial_shops,
          nicolae_shop_just_a_little_nook, serial_park_tiny_1
D:2:      layout_loops_ring, hangedman_abyss_or_decor_stabs
D:3:      layout_basic, lemuel_crystal_altar, gup_sewer_entry_pipe, uniq_sigmund

Skill      XL: |  1  2  3  4 |
---------------+-------------+-----
Ranged Weapons | 3 4 |  4.6
Fighting       | 2 |  2.0
Armour         | 1 |  1.0
Dodging        | |  1.5
Spellcasting   | |  1.0
Hexes          | |  2.6

Action                     |  1- 3 |  4- 6 || total
---------------------------+-------+-------++-------
   Fire: Sling             |   135 |    61 ||   196
    Use: Scroll            |     3 |     2 ||     5
         Potion            |     1 |       ||     1
 Armour: Robe              |    19 |       ||    19
         Leather armour    |     1 |     1 ||     2
         Ring mail         |       |     9 ||     9
  Dodge: Dodged            |    31 |     9 ||    40
  Block: Other             |     1 |     5 ||     6

Table legend:
 A = Non-vault XP
 B = Vault XP
 C = Vault XP percentage of total XP
 D = Non-vault monster count
 E = Vault monster count
 F = Vault count percentage of total count
                 A         B        C        D         E       F
            +---------+---------+-------+---------+---------+-------
      Total |     173 |       0 |   0.0 |      59 |       0 |   0.0
            +---------+---------+-------+---------+---------+-------
        D:1 |      52 |       0 |   0.0 |      28 |       0 |   0.0
        D:2 |      78 |       0 |   0.0 |      18 |       0 |   0.0
        D:3 |      43 |       0 |   0.0 |      13 |       0 |   0.0
            +---------+---------+-------+---------+---------+-------
